 Dungeon Crawl Stone Soup version 0.23.2-30-g0e89c35 (webtiles) character file.

Game seed: 10126398753394249570

42 pikmin25 the Ruffian (level 3, -4/28 HPs)
             Began as a Draconian Transmuter on June 15, 2019.
             Slain by a gnoll
             ... wielding a +0 halberd
              (17 damage)
             ... on level 2 of the Dungeon.
             The game lasted 00:02:06 (1135 turns).

pikmin25 the Ruffian (Draconian Transmuter)         Turns: 1135, Time: 00:02:06

Health: -4/28      AC:  5    Str: 13    XL:     3   Next: 33%
Magic:  6/6        EV: 12    Int: 13    God:
Gold:   30         SH:  0    Dex: 11    Spells: 5/6 levels left

rFire    . . .     SeeInvis .     - Unarmed
rCold    . . .     Gourm    .   (no shield)
rNeg     . . .     Faith    .   (armour unavailable)
rPois    .         Spirit   .   (helmet restricted)
rElec    .         Reflect  .   (no cloak)
rCorr    .         Harm     .   (no gloves)
MR       .....                  (no boots)
Stlth    +.........             (no amulet)
HPRegen  0.09/turn              (no ring)
MPRegen  0.10/turn              (no ring)

@: appendage (expiring)
A: unfitting armour, horns 2, cold-blooded, AC +5
a: End Transformation


You were on level 2 of the Dungeon.
You were not hungry.
You had grown temporary horns.
You visited 1 branch of the dungeon, and saw 2 of its levels.

You collected 30 gold pieces.

Inventory:

Missiles
 a - 52 arrows
Jewellery
 h - an uncursed ring of see invisible {unknown}
Scrolls
 b - 3 scrolls of identify {unknown}
 d - a scroll of enchant armour {unknown}
 e - a scroll of remove curse {unknown}
 f - a scroll of noise {unknown}
Potions
 g - a potion of agility {unknown}
Comestibles
 c - 8 rations


   Skills:
 + Level 1.2 Fighting
 + Level 2.1 Dodging
 + Level 0.7 Stealth
 + Level 3.8 Unarmed Combat
 + Level 2.1 Spellcasting
 + Level 2.1 Transmutations


You had 5 spell levels left.
You knew the following spells:

 Your Spells              Type           Power        Failure   Level  Hunger
a - Beastly Appendage     Tmut           #.....       11%         1    ##.....

Your spell library contained the following spells:

 Spells                   Type           Power        Failure   Level  Hunger
 Sticks to Snakes         Tmut           #.......     16%         2    ###....
 Spider Form              Tmut/Pois      #.........   43%         3    ####...
 Ice Form                 Ice/Tmut       #.......     85%         4    #####..
 Blade Hands              Tmut           #.........   96%         5    ######.


Dungeon Overview and Level Annotations

Branches:
Dungeon (2/15)

Altars:
Ashenzari


Innate Abilities, Weirdness & Mutations

Your plain brown scales are hard. (AC +5)
You cannot fit into any form of body armour.
You are cold-blooded and may be slowed by cold attacks.
You have a pair of horns on your head.


Message History

You hit the gnoll but do no damage. Your headbutt misses the gnoll.
The gnoll is almost dead.
The gnoll barely misses you.
You hit the gnoll.
You kill the gnoll!
Your transformation is almost over.
The gnoll closely misses you.
You see here a +0 club.
The gnoll misses you. The gnoll closely misses you.
You closely miss the gnoll.
You headbutt the gnoll, but do no damage.
The gnoll misses you.
The gnoll hits you with a +1 halberd of chopping.
You barely miss the gnoll. The gnoll barely misses you.
You closely miss the gnoll. The gnoll closely misses you.
You completely miss the gnoll. You headbutt the gnoll.
The gnoll is heavily wounded.
The gnoll hits you with a +0 halberd!
Ouch! That really hurt!
You die...

#.####.#.###.##.# #.#
#..........#.##.# #.#
#.####.#.#....#.#######.#
#.#.#.g#...........#
#.#>#....#..########
#.#.#...##..#
.#......##รท.#
.#.....###g.#
.##......g@).#
.#......####)# .##......#
#.# #....#### #.# ##.###
... #...### ### ..#._.
###K. .###


You could see 2 gnolls.

Vanquished Creatures
  2 gnolls (D:2)
  An adder (D:2)
  A leopard gecko (D:2)
  A ball python (D:2)
  A bat (D:1)
  A goblin (D:1)
  2 frilled lizards (D:2)
  2 kobolds
  4 rats
15 creatures vanquished.

Notes
Turn   | Place    | Note
-------+----------+-------------------------------------------
     0 | D:1      | pikmin25 the Draconian Transmuter began the quest for the
                  | Orb.
     0 | D:1      | Reached XP level 1. HP: 16/16 MP: 3/3
   761 | D:2      | Reached XP level 2. HP: 20/23 MP: 3/5
   777 | D:2      | Found a shattered altar of Ashenzari.
  1095 | D:2      | Reached XP level 3. HP: 18/28 MP: 4/6
  1135 | D:2      | Slain by a gnoll

Skill      XL: |  1  2 |
---------------+-------+-----
Dodging        | 2 |  2.1
Fighting       | |  1.2
Stealth        | |  0.7
Unarmed Combat | |  3.8
Spellcasting   | |  2.1
Transmutations | |  2.1

Action                   || total
-------------------------++-------
Melee: Unarmed           ||    56
       Tailslap          ||     2
       Kick              ||     1
       Punch             ||     1
       Headbutt          ||     3
 Cast: Beastly Appendage ||     8
  Use: Potion            ||     1
  Eat: Chunk             ||     1
Armor: Skin              ||    15
Dodge: Dodged            ||    42
